[ PARTIDA AOE2 · #504698344 ]
UnrankedEtíopes vs Cumans
Equipo del jugador · DERR
Equipo rival · VICT
[ ANÁLISIS DE REPETICIÓN · EXTRAÍDO DE LA PARTIDA GRABADA ]
Feudal
8:34
Castillos
27:33
Imperial
—
| APM promedio | 55.2 |
| APM pico | 103 |
| eAPM promedio | 32.5 |
| Aldeanos / militares | 116 / 130 |
Foco
⚔️ 42.4% · 🌾 57.6%
Shotel Warrior ×88 · Scout Cavalry ×23 · Archer ×14 · Battering Ram ×5
Feudal
10:33
Castillos
23:00
Imperial
35:34
| APM promedio | 72.3 |
| APM pico | 127 |
| eAPM promedio | 47.4 |
| Aldeanos / militares | 175 / 75 |
Foco
⚔️ 61.3% · 🌾 38.7%
Steppe Lancer ×31 · Spearman ×17 · Kipchak ×10 · Militia ×6 · Mangonel ×6 · Monk ×3
Mapa de la partida
Recursos iniciales + cada clic de construcción. Líneas = muros · curvas = relieve. ◆ oro · ⬟ piedra · ● bayas · ✦ reliquia · ◌ hueco del cierre
Tu base· Abierta — el rival se encerró
Base de DS_Overtaken· ✓ Cerrada en 23:00 · 66t muro · sin puerta
Terreno inicial suavizado · ◌ = hueco del cierre detectado · pasá el cursor para detalles
Inputs por minuto
— Tomppa - - DS_Overtaken
Build order — Tomppa
Primeras 150 de 378 acciones detectadas
| 0:00 | Encolar | Villager (Male) |
| 0:01 | Construir | House |
| 0:02 | Construir | House |
| 0:06 | Encolar | Villager (Male) ×3 |
| 0:06 | Encolar | Villager (Male) ×3 |
| 1:24 | Encolar | Villager (Male) |
| 1:58 | Encolar | Villager (Male) |
| 1:58 | Encolar | Villager (Male) |
| 2:19 | Encolar | Villager (Male) |
| 2:24 | Construir | Lumber Camp |
| 2:41 | Encolar | Villager (Male) |
| 3:09 | Encolar | Villager (Male) |
| 3:09 | Encolar | Villager (Male) |
| 3:26 | Encolar | Villager (Male) |
| 3:48 | Construir | House |
| 3:48 | Construir | House |
| 3:57 | Encolar | Villager (Male) |
| 3:57 | Encolar | Villager (Male) |
| 4:42 | Encolar | Villager (Male) |
| 4:42 | Encolar | Villager (Male) |
| 4:51 | Construir | Mill |
| 4:53 | Encolar | Villager (Male) |
| 5:04 | Encolar | Villager (Male) ×2 |
| 5:59 | Encolar | Villager (Male) |
| 6:21 | Investigar | Feudal Age |
| 7:16 | Construir | Palisade Wall |
| 7:20 | Construir | Barracks |
| 7:32 | Construir | Palisade Wall |
| 7:34 | Construir | Palisade Wall |
| 7:35 | Construir | Palisade Wall |
| 7:41 | Construir | Palisade Wall |
| 7:43 | Construir | Palisade Wall |
| 7:46 | Construir | Palisade Wall |
| 7:48 | Construir | Palisade Wall |
| 7:49 | Construir | Palisade Wall |
| 7:50 | Encolar | Villager (Male) |
| 7:58 | Construir | Palisade Wall |
| 8:09 | Investigar | Loom |
| 8:26 | Encolar | Villager (Male) |
| 8:34 | Edad | Edad Feudal |
| 8:55 | Construir | Stable |
| 9:04 | Investigar | Double-Bit Axe |
| 9:04 | Investigar | Double-Bit Axe |
| 9:06 | Encolar | Villager (Male) |
| 9:26 | Encolar | Villager (Male) |
| 9:30 | Construir | House |
| 9:34 | Construir | House |
| 9:42 | Encolar | Scout Cavalry |
| 9:42 | Encolar | Scout Cavalry |
| 9:53 | Construir | Farm |
| 10:04 | Construir | Farm |
| 10:12 | Encolar | Scout Cavalry |
| 10:28 | Encolar | Villager (Male) |
| 10:28 | Encolar | Villager (Male) |
| 10:30 | Construir | Farm |
| 10:38 | Construir | House |
| 10:41 | Construir | House |
| 10:51 | Encolar | Villager (Male) |
| 10:53 | Construir | Farm |
| 10:59 | Construir | Farm |
| 11:00 | Encolar | Villager (Male) |
| 11:06 | Encolar | Scout Cavalry |
| 11:11 | Construir | House |
| 11:20 | Construir | Farm |
| 11:26 | Encolar | Villager (Male) |
| 11:39 | Construir | Farm |
| 11:43 | Encolar | Villager (Male) |
| 12:04 | Encolar | Villager (Male) |
| 12:20 | Construir | Palisade Wall |
| 12:21 | Construir | Palisade Wall |
| 12:23 | Encolar | Villager (Male) |
| 12:41 | Construir | Farm |
| 12:42 | Construir | Farm |
| 13:14 | Construir | Farm |
| 13:15 | Construir | Farm |
| 13:21 | Construir | Mining Camp |
| 13:27 | Encolar | Villager (Male) |
| 13:37 | Encolar | Villager (Male) |
| 13:56 | Construir | Palisade Wall |
| 14:01 | Encolar | Scout Cavalry |
| 14:11 | Construir | Blacksmith |
| 14:17 | Encolar | Scout Cavalry |
| 14:20 | Encolar | Villager (Male) |
| 14:29 | Construir | Palisade Wall |
| 14:35 | Encolar | Scout Cavalry |
| 14:40 | Construir | House |
| 14:43 | Construir | House |
| 14:46 | Construir | Palisade Wall |
| 14:54 | Encolar | Scout Cavalry |
| 14:58 | Investigar | Fletching |
| 14:58 | Investigar | Fletching |
| 15:00 | Investigar | Forging |
| 15:00 | Investigar | Forging |
| 15:01 | Encolar | Villager (Male) |
| 15:05 | Encolar | Villager (Male) |
| 15:34 | Construir | Palisade Wall |
| 15:39 | Encolar | Scout Cavalry |
| 15:48 | Encolar | Scout Cavalry |
| 15:55 | Encolar | Villager (Male) |
| 16:03 | Encolar | Scout Cavalry |
| 16:06 | Construir | Archery Range |
| 16:11 | Encolar | Scout Cavalry |
| 16:13 | Construir | House |
| 16:17 | Investigar | Scale Barding Armor |
| 16:41 | Encolar | Scout Cavalry |
| 16:46 | Construir | House |
| 16:47 | Encolar | Villager (Male) |
| 16:51 | Encolar | Scout Cavalry |
| 17:04 | Construir | Farm |
| 17:04 | Construir | Farm |
| 17:04 | Construir | Farm |
| 17:07 | Encolar | Villager (Male) |
| 17:14 | Encolar | Archer |
| 17:14 | Encolar | Archer |
| 17:26 | Investigar | Fletching |
| 17:27 | Investigar | Fletching |
| 17:34 | Encolar | Villager (Male) |
| 17:40 | Construir | House |
| 17:41 | Construir | House |
| 17:50 | Encolar | Archer |
| 17:54 | Encolar | Scout Cavalry |
| 18:15 | Construir | Watch Tower |
| 18:16 | Encolar | Villager (Male) |
| 18:25 | Encolar | Archer |
| 18:35 | Construir | Mining Camp |
| 18:36 | Encolar | Villager (Male) |
| 18:39 | Encolar | Villager (Male) |
| 18:44 | Investigar | Wheelbarrow |
| 18:54 | Encolar | Archer |
| 18:58 | Encolar | Villager (Male) |
| 19:02 | Encolar | Villager (Male) |
| 19:12 | Encolar | Archer |
| 19:28 | Encolar | Archer |
| 19:32 | Encolar | Scout Cavalry |
| 19:44 | Construir | Farm |
| 19:52 | Construir | House |
| 19:53 | Construir | House |
| 19:54 | Construir | House |
| 19:55 | Construir | House |
| 20:07 | Encolar | Archer |
| 20:08 | Encolar | Scout Cavalry |
| 20:08 | Encolar | Scout Cavalry |
| 20:28 | Encolar | Archer |
| 20:35 | Construir | Farm |
| 20:45 | Construir | Watch Tower |
| 21:00 | Construir | Stone Wall |
| 21:01 | Construir | Stone Wall |
| 21:02 | Construir | Stone Wall |
| 21:03 | Construir | Stone Wall |
| 21:04 | Construir | Stone Wall |
Build order — DS_Overtaken
Primeras 150 de 454 acciones detectadas
| 0:00 | Encolar | Villager (Male) |
| 0:00 | Encolar | Villager (Male) |
| 0:01 | Encolar | Villager (Male) |
| 0:02 | Construir | House |
| 0:03 | Construir | House |
| 0:07 | Encolar | Villager (Male) |
| 1:28 | Encolar | Villager (Male) |
| 1:55 | Construir | Lumber Camp |
| 2:02 | Encolar | Villager (Male) |
| 2:14 | Encolar | Villager (Male) |
| 2:49 | Encolar | Villager (Male) |
| 3:14 | Encolar | Villager (Male) |
| 3:43 | Encolar | Villager (Male) |
| 3:55 | Construir | House |
| 4:02 | Encolar | Villager (Male) |
| 4:20 | Construir | House |
| 4:23 | Encolar | Villager (Male) |
| 4:53 | Construir | Barracks |
| 4:55 | Encolar | Villager (Male) |
| 4:56 | Encolar | Villager (Male) |
| 5:18 | Construir | House |
| 5:19 | Construir | Palisade Wall |
| 5:41 | Encolar | Villager (Male) |
| 5:49 | Encolar | Militia |
| 5:59 | Construir | Palisade Wall |
| 6:00 | Construir | Palisade Wall |
| 6:07 | Encolar | Militia |
| 6:13 | Encolar | Villager (Male) |
| 6:37 | Construir | House |
| 6:42 | Encolar | Villager (Male) |
| 6:57 | Encolar | Villager (Male) |
| 7:15 | Construir | Mill |
| 7:18 | Construir | Palisade Wall |
| 7:22 | Encolar | Villager (Male) |
| 7:56 | Investigar | Loom |
| 8:01 | Construir | Mining Camp |
| 8:23 | Investigar | Feudal Age |
| 8:23 | Investigar | Feudal Age |
| 8:23 | Investigar | Feudal Age |
| 8:35 | Construir | Palisade Wall |
| 8:51 | Encolar | Militia |
| 9:15 | Encolar | Militia |
| 9:34 | Encolar | Militia |
| 10:09 | Encolar | Villager (Male) |
| 10:21 | Construir | Palisade Wall |
| 10:22 | Encolar | Villager (Male) |
| 10:24 | Construir | Palisade Wall |
| 10:26 | Construir | Palisade Wall |
| 10:30 | Encolar | Villager (Male) |
| 10:33 | Edad | Edad Feudal |
| 10:35 | Investigar | Man-at-Arms (upgrade) |
| 10:40 | Construir | Town Center |
| 11:16 | Encolar | Villager (Male) |
| 11:16 | Encolar | Villager (Male) |
| 11:21 | Encolar | Spearman |
| 11:36 | Construir | Farm |
| 11:38 | Construir | Farm |
| 11:47 | Encolar | Villager (Male) |
| 11:51 | Construir | Farm |
| 12:00 | Encolar | Villager (Male) |
| 12:23 | Encolar | Villager (Male) |
| 12:40 | Construir | Farm |
| 12:41 | Construir | Farm |
| 12:47 | Encolar | Villager (Male) |
| 12:47 | Encolar | Villager (Male) |
| 12:52 | Encolar | Villager (Male) |
| 12:52 | Encolar | Villager (Male) |
| 12:53 | Construir | Farm |
| 12:54 | Construir | Farm |
| 12:57 | Construir | Farm |
| 12:59 | Construir | Farm |
| 13:14 | Encolar | Villager (Male) |
| 13:22 | Construir | Palisade Wall |
| 13:24 | Construir | Palisade Wall |
| 13:31 | Encolar | Villager (Male) |
| 13:32 | Construir | Farm |
| 13:40 | Construir | Palisade Wall |
| 13:42 | Encolar | Spearman |
| 13:46 | Construir | Farm |
| 13:47 | Encolar | Villager (Male) |
| 13:51 | Construir | Palisade Wall |
| 13:59 | Encolar | Villager (Male) |
| 14:00 | Encolar | Villager (Male) |
| 14:11 | Encolar | Villager (Male) |
| 14:22 | Construir | House |
| 14:23 | Encolar | Villager (Male) |
| 14:31 | Encolar | Villager (Male) |
| 14:31 | Encolar | Villager (Male) |
| 14:34 | Construir | Farm |
| 14:43 | Encolar | Villager (Male) |
| 14:44 | Construir | House |
| 14:46 | Construir | Farm |
| 14:47 | Construir | Farm |
| 14:49 | Encolar | Villager (Male) |
| 14:53 | Construir | Palisade Wall |
| 14:55 | Construir | Palisade Wall |
| 14:59 | Construir | Palisade Wall |
| 15:00 | Construir | Palisade Wall |
| 15:01 | Encolar | Villager (Male) |
| 15:04 | Construir | Palisade Wall |
| 15:05 | Construir | Palisade Wall |
| 15:07 | Construir | Palisade Wall |
| 15:09 | Encolar | Villager (Male) |
| 15:17 | Construir | Farm |
| 15:18 | Construir | Farm |
| 15:24 | Encolar | Villager (Male) |
| 15:41 | Encolar | Villager (Male) |
| 15:50 | Construir | House |
| 15:50 | Encolar | Villager (Male) |
| 15:54 | Encolar | Villager (Male) |
| 15:56 | Encolar | Villager (Male) |
| 15:58 | Construir | Palisade Gate |
| 16:08 | Encolar | Villager (Male) |
| 16:08 | Encolar | Villager (Male) |
| 16:18 | Construir | Farm |
| 16:19 | Construir | Farm |
| 16:20 | Construir | Farm |
| 16:21 | Encolar | Villager (Male) |
| 16:24 | Construir | Farm |
| 16:28 | Encolar | Spearman |
| 16:36 | Construir | House |
| 16:36 | Construir | House |
| 16:41 | Encolar | Villager (Male) |
| 16:42 | Construir | Farm |
| 16:43 | Construir | Farm |
| 16:44 | Encolar | Villager (Male) |
| 16:59 | Encolar | Villager (Male) |
| 17:06 | Encolar | Villager (Male) |
| 17:08 | Construir | Farm |
| 17:25 | Encolar | Villager (Male) |
| 17:26 | Encolar | Villager (Male) |
| 17:26 | Encolar | Villager (Male) |
| 17:35 | Construir | House |
| 17:36 | Construir | Farm |
| 17:46 | Investigar | Wheelbarrow |
| 17:46 | Investigar | Town Watch |
| 17:52 | Encolar | Villager (Male) |
| 17:56 | Encolar | Villager (Male) |
| 18:00 | Construir | House |
| 18:06 | Construir | House |
| 18:07 | Construir | Palisade Wall |
| 18:18 | Encolar | Villager (Male) |
| 18:22 | Construir | House |
| 18:28 | Investigar | Double-Bit Axe |
| 18:29 | Investigar | Double-Bit Axe |
| 18:30 | Investigar | Horse Collar |
| 18:30 | Investigar | Horse Collar |
| 18:47 | Construir | Mining Camp |
| 19:00 | Encolar | Villager (Male) |
| 19:00 | Encolar | Villager (Male) |
Cronología de la partida
| 4:53 | DS_Overtaken · first_building Barracks |
| 5:19 | DS_Overtaken · wall_segment Palisade Wall x1 |
| 5:59 | DS_Overtaken · wall_segment Palisade Wall x1 |
| 6:00 | DS_Overtaken · wall_segment Palisade Wall x1 |
| 7:16 | Tomppa · wall_segment Palisade Wall x1 |
| 7:18 | DS_Overtaken · wall_segment Palisade Wall x8 |
| 7:20 | Tomppa · first_building Barracks |
| 7:32 | Tomppa · wall_segment Palisade Wall x1 |
| 7:34 | Tomppa · wall_segment Palisade Wall x1 |
| 7:35 | Tomppa · wall_segment Palisade Wall x1 |
| 7:41 | Tomppa · wall_segment Palisade Wall x1 |
| 7:43 | Tomppa · wall_segment Palisade Wall x1 |
| 7:46 | Tomppa · wall_segment Palisade Wall x1 |
| 7:48 | Tomppa · wall_segment Palisade Wall x1 |
| 7:49 | Tomppa · wall_segment Palisade Wall x1 |
| 7:58 | Tomppa · wall_segment Palisade Wall x1 |
| 8:34 | Tomppa · age_up feudal |
| 8:35 | DS_Overtaken · wall_segment Palisade Wall x7 |
| 8:55 | Tomppa · first_building Stable |
| 10:21 | DS_Overtaken · wall_segment Palisade Wall x1 |
| 10:24 | DS_Overtaken · wall_segment Palisade Wall x1 |
| 10:26 | DS_Overtaken · wall_segment Palisade Wall x4 |
| 10:33 | DS_Overtaken · age_up feudal |
| 12:20 | Tomppa · wall_segment Palisade Wall x1 |
| 12:21 | Tomppa · wall_segment Palisade Wall x1 |
| 13:22 | DS_Overtaken · wall_segment Palisade Wall x1 |
| 13:24 | DS_Overtaken · wall_segment Palisade Wall x9 |
| 13:40 | DS_Overtaken · wall_segment Palisade Wall x8 |
| 13:51 | DS_Overtaken · wall_segment Palisade Wall x11 |
| 13:56 | Tomppa · wall_segment Palisade Wall x14 |
| 14:29 | Tomppa · wall_segment Palisade Wall x1 |
| 14:46 | Tomppa · wall_segment Palisade Wall x1 |
| 14:53 | DS_Overtaken · wall_segment Palisade Wall x1 |
| 14:55 | DS_Overtaken · wall_segment Palisade Wall x1 |
| 14:59 | DS_Overtaken · wall_segment Palisade Wall x1 |
| 15:00 | DS_Overtaken · wall_segment Palisade Wall x1 |
| 15:04 | DS_Overtaken · wall_segment Palisade Wall x1 |
| 15:05 | DS_Overtaken · wall_segment Palisade Wall x1 |
| 15:07 | DS_Overtaken · wall_segment Palisade Wall x1 |
| 15:34 | Tomppa · wall_segment Palisade Wall x1 |
| 16:06 | Tomppa · first_building Archery Range |
| 18:07 | DS_Overtaken · wall_segment Palisade Wall x1 |
| 20:51 | DS_Overtaken · wall_segment Palisade Wall x1 |
| 21:00 | DS_Overtaken · first_building Siege Workshop |
| 21:00 | Tomppa · wall_segment Stone Wall x1 |
| 21:01 | Tomppa · wall_segment Stone Wall x1 |
| 21:02 | Tomppa · wall_segment Stone Wall x1 |
| 21:03 | Tomppa · wall_segment Stone Wall x1 |
| 21:04 | Tomppa · wall_segment Stone Wall x1 |
| 21:04 | Tomppa · wall_segment Stone Wall x1 |
| 21:05 | Tomppa · wall_segment Stone Wall x1 |
| 21:05 | Tomppa · wall_segment Stone Wall x1 |
| 21:20 | DS_Overtaken · wall_segment Palisade Wall x1 |
| 21:32 | DS_Overtaken · wall_segment Palisade Wall x1 |
| 21:43 | DS_Overtaken · wall_segment Palisade Wall x1 |
| 21:45 | DS_Overtaken · wall_segment Palisade Wall x1 |
| 22:12 | DS_Overtaken · first_market_buy 100 wood |
| 23:00 | DS_Overtaken · age_up castle |
| 24:40 | Tomppa · first_market_buy 100 food |
| 24:43 | Tomppa · first_market_sell 500 wood |
| 25:13 | Tomppa · wall_segment Stone Wall x1 |
| 25:13 | Tomppa · wall_segment Stone Wall x1 |
| 25:13 | Tomppa · wall_segment Stone Wall x1 |
| 25:14 | Tomppa · wall_segment Stone Wall x1 |
| 25:15 | Tomppa · wall_segment Stone Wall x1 |
| 25:16 | Tomppa · wall_segment Stone Wall x1 |
| 27:33 | Tomppa · age_up castle |
| 27:45 | Tomppa · first_building Castle |
| 27:53 | DS_Overtaken · wall_segment Palisade Wall x4 |
| 27:56 | DS_Overtaken · first_building Castle |
| 29:33 | DS_Overtaken · first_building Monastery |
| 32:40 | DS_Overtaken · wall_segment Palisade Wall x9 |
| 32:42 | DS_Overtaken · wall_segment Palisade Wall x11 |
| 34:07 | Tomppa · first_building Siege Workshop |
| 34:46 | DS_Overtaken · first_building Stable |
| 35:32 | DS_Overtaken · first_market_sell 100 food |
| 35:34 | DS_Overtaken · age_up imperial |
| 38:58 | Tomppa · resign |
[ ANÁLISIS IA · 1 CRÉDITO ]
¿Qué pasó realmente en esta partida?
Wolo.gg analiza cada decisión: build order, eco, micro, errores típicos por bracket. Análisis personalizado por WhatsApp o Discord en 30 segundos.
Guía civ
Etíopes
Perfil
Tomppa